 Dungeon Crawl Stone Soup version 0.31.0-11-ge490571c62 (webtiles) character file.

Game seed: 4962405011076987627

25677 cdecastro the Black Sun (level 12, -5/83 (88) HPs)
             Began as a Grey Draconian Shapeshifter on Jan 31, 2024.
             Was a High Priest of Kikubaaqudgha.
             Slain by a freezing wraith (11 damage)
             ... led by a death knight
             ... on level 15 of the Dungeon on Feb 1, 2024.
             The game lasted 00:35:50 (15534 turns).

cdecastro the Black Sun (DrSh)                     Turns: 15534, Time: 00:35:50

HP:   -5/83 (88)    AC: 18    Str: 17    XL:     12   Next: 91%
MP:   9/12          EV: 17    Int: 10    God:    Kikubaaqudgha [*****.]
Gold: 1085          SH:  5    Dex: 16    Spells: 1/11 levels left

rFire   + .          .
                       - Unarmed
rCold   . . .        (no shield)
rNeg    . . .        (body armour unavailable)
rPois   .            (helmet restricted)
rElec   .            J - +0 cloak
rCorr   .            h - +2 pair of gloves
SInv    .            I - +0 pair of boots
Will    .....        y - amulet of reflection
Stlth   +            l - +5 ring of evasion
HPRegen 0.33/turn    K - ring of protection from fire
MPRegen 0.13/turn

%: reflection
@: maw-form, attractive, hasted and slowed, drained
A: devouring maw, AC +13, amphibious, unfitting armour, cold-blooded
a: Begin Untransformation, Renounce Religion, Unearth Wretches, Torment


You were on level 15 of the Dungeon.
You worshipped Kikubaaqudgha.
Kikubaaqudgha was extremely pleased with you.
You were a creature with a mouth for a stomach.
You visited 2 branches of the dungeon, and saw 16 of its levels.

You collected 1085 gold pieces.

Inventory:

Missiles
 e - 2 throwing nets (quivered)
Armour
 h - a +2 pair of gloves (worn)
 I - a +0 pair of boots (worn)
 J - a +0 cloak (worn)
 R - a +1 pair of gloves of infusion
Magical Staves
 T - a staff of fire
Jewellery
 a - an amulet of faith
 l - a +5 ring of evasion (left hand)
 y - an amulet of reflection (around neck)
 A - a ring of wizardry
 D - a ring of positive energy
 K - a ring of protection from fire (right hand)
 Q - a +5 ring of evasion
Talismans
 b - a beast talisman
 c - a flux talisman
 U - a maw talisman (active)
Wands
 x - a wand of light (6)
 F - a wand of mindburst (25)
 H - a wand of iceblast (14)
 L - a wand of charming (10)
 S - a wand of flame (11)
Scrolls
 d - 2 scrolls of enchant armour
 f - 5 scrolls of immolation
 g - 2 scrolls of fear
 i - a scroll of identify
 k - 4 scrolls of fog
 m - 3 scrolls of teleportation {unknown}
 r - a scroll of summoning {unknown}
 w - 3 scrolls of noise {unknown}
 B - a scroll of poison {unknown}
 C - 3 scrolls of blinking {unknown}
 E - 2 scrolls of enchant weapon {unknown}
 G - a scroll of silence {unknown}
 M - a scroll of torment {unknown}
 O - a scroll of vulnerability {unknown}
 P - 3 scrolls of amnesia {unknown}
Potions
 j - a potion of magic
 n - 3 potions of haste
 o - 7 potions of curing
 p - 3 potions of ambrosia
 q - 2 potions of attraction
 s - 3 potions of brilliance
 t - 2 potions of mutation
 u - a potion of might
 z - 3 potions of invisibility
 N - 2 potions of lignification


   Skills:
 * Level 2.4 Fighting
 - Level 1.7 Dodging
 - Level 10.5 Unarmed Combat
 - Level 14.0 Necromancy
 + Level 13.0 Shapeshifting


You had one spell level left.
You knew the following spells:

 Your Spells              Type           Power      Damage    Failure   Level
a - Kiss of Death         Conj/Necr      56%        2d9       2%          1
b - Cigotuvi's Dreadful   Necr/Alch/Air  18%        N/A       9%          2
c - Vampiric Draining     Necr           28%        2d8       1%          3
d - Animate Dead          Necr           28%        N/A       1%          4

Your spell library contained the following spells:

 Spells                   Type           Power      Damage    Failure   Level
 Freeze                   Ice            0%         1d3       36%         1
 Magic Dart               Conj           0%         1d3       36%         1
 Dispel Undead            Necr           28%        3d13      1%          4
 Death Channel            Necr           14%        N/A       19%         6
 Anguish                  Hex/Necr       7%         N/A       22%         4
 Blink                    Tloc           0%         N/A       50%         2
 Call Imp                 Summ           0%         N/A       50%         2
 Lesser Beckoning         Tloc           0%         N/A       50%         2
 Momentum Strike          Conj/Tloc      0%         3d8       50%         2
 Borgnjor's Vile Clutch   Necr/Erth      7%         N/A       52%         5
 Call Canine Familiar     Summ           0%         N/A       75%         3
 Confusing Touch          Hex            0%         N/A       75%         3
 Frozen Ramparts          Ice            0%         1d1       75%         3
 Hailstorm                Conj/Ice       0%         3d5       75%         3
 Sigil of Binding         Hex            0%         N/A       75%         3
 Summon Ice Beast         Ice/Summ       0%         N/A       75%         3
 Dimensional Bullseye     Hex/Tloc       0%         N/A       98%         4
 Summon Lightning Spire   Summ/Air       0%         N/A       98%         4
 Iskenderun's Battlesphe  Conj           0%         2d6       100%        5
 Lee's Rapid Deconstruct  Erth           0%         3d4*      100%        5
 Summon Mana Viper        Hex/Summ       0%         N/A       100%        5
 Bombard                  Conj/Erth      0%         9d1       100%        6
 Monstrous Menagerie      Summ           0%         N/A       100%        7
 Spellforged Servitor     Conj/Summ      0%         N/A       100%        7
 Animate Armour           Summ/Erth      Unusable   N/A       N/A         4

Dungeon Overview and Level Annotations

Branches:
Dungeon (15/15)            Temple (1/1) D:6            Lair (0/5) D:11
    Orc (0/2) D:9          Vaults (0/5) D:14
 Depths: D:15

Altars:
Ashenzari
Cheibriados
Dithmenos
Elyvilon
Fedhas
Gozag
Hepliaklqana
Kikubaaqudgha
Makhleb
Nemelex Xobeh
Okawaru
Qazlal
Ru
Sif Muna
Trog
Uskayaw
Vehumet
Wu Jian
Xom
Yredelemnul
Zin
The Shining One

Annotations:
D:2 Sigmund
D:4 3 runed translucent doors, hikkokomori's ghost, amateur FoFi
D:11 exclusion: oklob plant
D:12 2 transporters, xnavy's ghost, journeyman GrEE
D:14 1 transporter, exclusion: statue


Innate Abilities, Weirdness & Mutations

You are a creature with a mouth for a stomach.
Your midsection houses a second, enormous mouth.
Your dull iron-grey scales are very hard. (AC +13)
You are amphibious.
You cannot fit into any form of body armour.
You are cold-blooded and may be slowed by cold attacks.


Message History

* * * LOW HITPOINT WARNING * * *
The freezing wraith drains your vigour!
You feel as though you will be slow longer.
Your Fighting skill increases to level 2!
Your Shapeshifting skill increases to level 13!
Okay, then.
Unknown command.
Okay, then.
Unknown command.
Okay, then.
Unknown command.
Unknown command.
You feel yourself speed up. The wraith hits you but does no damage.
The freezing wraith closely misses you. You block the freezing wraith's attack.
Things that are here:
a +0 great mace; a +0 chain mail; a human corpse A boulder beetle comes into view.
The boulder beetle curls into a ball and begins rolling!
The freezing wraith is attracted toward you.
The wraith is attracted toward you.
The boulder beetle is attracted toward you.
The freezing wraith is attracted toward you.
The wraith is attracted toward you. x2
The boulder beetle stops rolling and uncurls.
The wraith is attracted toward you.
Okay, then.
Unknown command.
As you read the scroll labelled NINWYTR WICEU, it dissolves into smoke.
It was a scroll of fog.
The freezing wraith closely misses you. You block the freezing wraith's attack.
The boulder beetle leaps!
As you read the scroll labelled MOOSOPP UKUCIPP, it crumbles to dust.
You assume a fearsome visage.
The wraith is unaffected.
The freezing wraith is unaffected.
It was a scroll of fear.
You block the freezing wraith's attack. The freezing wraith barely misses you.
As you read the scroll labelled ULYMEDGH KYFEA, it crumbles to dust.
It is a scroll of enchant armour.
Your +0 pair of gloves of infusion glows green for a moment.
The freezing wraith hits you!
You die...
Kikubaaqudgha rasps: "You have failed me!
Welcome... death!"

#.... #... #... #.. #..
#§# #§# #...# #W# #...#
#W########...#
#WW°°...##...#
#§#####.##...# . ##§#
#.##...# .. #§W#
#.##...##.○°
#######..#####p##.....○..
..................p......
#######..#####.##...##..#


You could see a freezing wraith and 2 wraiths.

Vanquished Creatures
  A vault guard (D:14)
  A hydra (D:14)
  2 centaur warriors
  3 boulder beetles
  A two-headed ogre (D:11)
  A dancing weapon (D:14)
  A death knight (D:15)
  2 tengu warriors (D:14)
  An arcanist (D:13)
  A deep elf pyromancer (D:12)
  A manticore (D:11)
  2 cyclopes (D:11)
  An ugly thing (D:12)
  Maggie (D:7)
  3 unseen horrors (D:11)
  3 gargoyles
  An efreet (D:15)
  A kobold demonologist (D:11)
  A komodo dragon (D:13)
  7 trolls
  A hornet (D:9)
  8 slime creatures
  4 wyverns
  A spriggan (shapeshifter) (D:13)
  7 yaks
  3 wraiths
  A human (shapeshifter) (D:11)
  2 basilisks
  7 vampire mosquitoes
  2 steam dragons
  An acid dragon (D:11)
  6 orc warriors
  A black bear (D:8)
  3 ice beasts
  3 ogres
  6 centaurs
  2 kobold brigands
  3 bullfrogs
  A gnoll sergeant (D:12)
  A scorpion (D:6)
  12 killer bees
  3 howler monkeys
  2 bombardier beetles
  4 hounds
  12 orc priests
  An iguana (D:6)
  15 orc wizards
  Robin (D:3)
  7 gnolls
  6 adders
  A shadow imp (D:6)
  A white imp (D:6)
  4 ufetubi (D:5)
  An adder skeleton (D:2)
  3 dart slugs
  2 ribbon worms
  56 orcs
  2 bat skeletons (D:2)
  7 endoplasms
  2 giant cockroaches (D:1)
  8 hobgoblins
  7 jackals
  18 kobolds
  4 quokkas
  6 ball pythons
  4 bats
  4 frilled lizards
  18 goblins
  A quokka skeleton (D:2)
  A quokka zombie (D:2)
  8 rats
319 creatures vanquished.

Vanquished Creatures (collateral kills)
  A centaur warrior (D:13)
  A boulder beetle (D:11)
  2 ugly things (D:11)
  An unseen horror (D:11)
  A slime creature (D:12)
  A wraith (D:13)
7 creatures vanquished.

Vanquished Creatures (others)
  2 boulder beetle zombies (D:11)
  A cyclops zombie (D:11)
  A wyvern zombie (D:11)
  A troll zombie (D:11)
  3 orc zombies (D:12)
8 creatures vanquished.

Grand Total: 334 creatures vanquished

Notes
Turn   | Place    | Note
-------+----------+-------------------------------------------
     0 | D:1      | cdecastro the Draconian Shapeshifter began the quest for
                  | the Orb.
     0 | D:1      | Reached XP level 1. HP: 16/16 MP: 1/1
    92 | D:1      | Reached XP level 2. HP: 23/23 MP: 2/2
   338 | D:1      | You fall into a shaft and drop 1 floor!
   338 | D:2      | Found a faded altar of an unknown god.
   343 | D:2      | Prayed at the altar of an unknown god.
   343 | D:2      | Became a worshipper of Kikubaaqudgha
   343 | D:2      | Reached * piety under Kikubaaqudgha
   343 | D:2      | Received a gift from Kikubaaqudgha
   356 | D:2      | Reached XP level 3. HP: 28/28 MP: 3/3
   541 | D:1      | Reached XP level 4. HP: 35/35 MP: 4/4
  1299 | D:2      | Reached ** piety under Kikubaaqudgha
  1406 | D:2      | Noticed Sigmund
  2409 | D:3      | Noticed Robin
  2461 | D:3      | Killed Robin
  2763 | D:4      | Noticed an ogre
  2769 | D:3      | Reached skill level 5 in Unarmed Combat
  2769 | D:3      | Reached XP level 5. HP: 16/40 MP: 5/5
  3125 | D:4      | Killed an ogre
  3126 | D:4      | Reached XP level 6. HP: 47/47 MP: 6/6
  3273 | D:4      | Found a runed translucent gate.
  3313 | D:4      | Found a runed translucent gate.
  3314 | D:4      | Found a runed translucent gate.
  3314 | D:4      | Noticed hikkokomori's ghost (amateur FoFi)
  3316 | D:4      | Identified the +2 ring mail of the Moon {+Blink Regen+}
  3472 | D:4      | Found a sacrificial altar of Ru.
  4125 | D:5      | Entered Level 5 of the Dungeon
  4238 | D:5      | Your scales start taking on a dull iron-grey colour.
  4238 | D:5      | Reached XP level 7. HP: 51/52 MP: 7/7
  4407 | D:5      | Reached skill level 5 in Shapeshifting
  4451 | D:5      | Reached *** piety under Kikubaaqudgha
  4451 | D:5      | Received a gift from Kikubaaqudgha
  4901 | D:6      | Found a staircase to the Ecumenical Temple.
  4927 | Temple   | Entered the Ecumenical Temple
  5281 | D:6      | Reached XP level 8. HP: 46/59 MP: 8/8
  5769 | D:6      | Identified the +2 robe of Spring {MP+9 Int-3 Slay+3}
  6299 | D:7      | Noticed Maggie
  6870 | D:7      | Found an ornate altar of the Wu Jian Council.
  7103 | D:7      | Reached skill level 10 in Unarmed Combat
  7103 | D:7      | Reached XP level 9. HP: 22/64 MP: 9/9
  7307 | D:7      | Killed Maggie
  7436 | D:7      | Reached skill level 1 in Necromancy
  7452 | D:7      | Reached skill level 2 in Necromancy
  7946 | D:8      | Found a blossoming altar of Fedhas.
  8007 | D:8      | Reached skill level 3 in Necromancy
  8430 | D:9      | Reached skill level 4 in Necromancy
  8570 | D:9      | Reached skill level 5 in Necromancy
  8634 | D:9      | Reached **** piety under Kikubaaqudgha
  8876 | D:8      | Learned a level 1 spell: Kiss of Death
  8879 | D:8      | Learned a level 2 spell: Cigotuvi's Dreadful Rot
  8883 | D:8      | Learned a level 3 spell: Vampiric Draining
  8910 | D:9      | Found a staircase to the Orcish Mines.
  9145 | D:9      | Reached skill level 6 in Necromancy
  9145 | D:9      | Reached XP level 10. HP: 54/65 MP: 10/10
  9893 | D:10     | Entered Level 10 of the Dungeon
 10182 | D:10     | Reached skill level 7 in Necromancy
 10416 | D:10     | Found a shimmering blue altar of Sif Muna.
 10417 | D:10     | Found a snail-covered altar of Cheibriados.
 10502 | D:10     | Noticed a boulder beetle
 10525 | D:10     | Killed a boulder beetle
 10526 | D:10     | Reached skill level 8 in Necromancy
 11019 | D:11     | Found a staircase to the Lair.
 11046 | D:11     | Noticed a manticore
 11062 | D:11     | Killed a manticore
 11063 | D:11     | Reached skill level 9 in Necromancy
 11182 | D:11     | Noticed an oklob plant
 11532 | D:11     | Reached XP level 11. HP: 77/77 MP: 11/11
 11537 | D:11     | Learned a level 4 spell: Animate Dead
 11617 | D:11     | Noticed a boulder beetle
 11625 | D:11     | Noticed a boulder beetle
 11649 | D:11     | Killed a boulder beetle
 11649 | D:11     | Reached ***** piety under Kikubaaqudgha
 11650 | D:11     | Reached skill level 10 in Necromancy
 11670 | D:11     | Reached skill level 10 in Shapeshifting
 11673 | D:11     | Killed a boulder beetle
 11956 | D:11     | Noticed a brown ugly thing
 11956 | D:11     | Noticed a red ugly thing
 11956 | D:11     | Noticed a two-headed ogre
 11956 | D:11     | Noticed an anaconda
 11965 | D:11     | an anaconda changed into something unseen
 11994 | D:11     | Killed a white ugly thing
 11995 | D:11     | Reached skill level 11 in Necromancy
 11995 | D:11     | Noticed an entropy weaver
 11996 | D:11     | an entropy weaver changed into a salamander
 12008 | D:11     | Killed a purple ugly thing
 12018 | D:11     | Killed a two-headed ogre
 12360 | D:12     | Noticed a boulder beetle
 12374 | D:11     | Killed a boulder beetle
 12375 | D:11     | Reached skill level 12 in Necromancy
 12458 | D:12     | Noticed a centaur warrior
 12468 | D:12     | Killed a centaur warrior
 12551 | D:12     | Noticed a cyan ugly thing
 12565 | D:12     | Killed a green ugly thing
 12568 | D:12     | Noticed an orc knight
 12600 | D:12     | Found a transporter.
 12605 | D:12     | Noticed an orc knight
 12606 | D:12     | Found a bloodstained altar of Trog.
 12606 | D:12     | Noticed xnavy's ghost (journeyman GrEE)
 12607 | D:12     | Found a transporter.
 12607 | D:12     | Noticed an ettin
 12684 | D:12     | Reached XP level 12. HP: 76/83 MP: 12/12
 12933 | D:12     | Reached skill level 13 in Necromancy
 13925 | D:13     | Noticed a centaur warrior
 13930 | D:13     | Killed a centaur warrior
 14410 | D:14     | Found a gate to the Vaults.
 14410 | D:14     | Noticed a vault guard
 14415 | D:14     | Reached skill level 14 in Necromancy
 14422 | D:14     | Killed a vault guard
 14751 | D:14     | Noticed an eight-headed hydra
 14758 | D:14     | Killed an eight-headed hydra
 14801 | D:14     | Noticed a centaur warrior
 14811 | D:14     | Found a transporter.
 14812 | D:14     | Identified the ring of Piorup {Fire Dex+3 Slay+3 Stlth+}
 14817 | D:14     | Killed a centaur warrior
 14828 | D:14     | Found a shimmering blue altar of Sif Muna.
 14928 | D:14     | Noticed a tengu warrior
 14962 | D:14     | Killed a tengu warrior
 15037 | D:14     | Noticed a tengu warrior
 15075 | D:14     | Killed a tengu warrior
 15303 | D:14     | Found a radiant altar of Vehumet.
 15425 | D:15     | Entered Level 15 of the Dungeon
 15494 | D:15     | Noticed a death knight
 15524 | D:15     | HP: 2/77 [death knight/+0 great mace (33)]
 15526 | D:15     | Killed a death knight
 15529 | D:15     | Noticed a boulder beetle
 15534 | D:15     | Slain by a freezing wraith

Illustrated notes

Levels and vault maps discovered:
D:1:      grunt_arrival_crossed_arrows, layout_basic, wad_floor_pattern_2
D:2:      layout_basic, hellmonk_ecumenical_altar_blasted, serial_undead,
          serial_undead_f, serial_undead_d, serial_undead_d, serial_undead_f,
          uniq_sigmund
D:3:      layout_basic, uniq_robin
D:4:      layout_cave_pods, nicolae_ru_awakened_eye, biasface_ghost_orc_armoury
D:5:      layout_cave_pools, chequers_serial_rivers_micro_a,
          corexii_leaking_fountain, chequers_serial_rivers_room_a
D:6:      layout_rooms, minmay_temple_entry_stoned_glass
D:7:      layout_basic, nzn_wu_jian_contemplation, uniq_maggie
D:8:      layout_loops_ring, fedhas_bush_and_centaur_altar
D:9:      layout_gridville, hiddenorc2_lemuel
D:10:     layout_loops_corners, nicolae_overflow_squiral,
          minmay_misc_feat_hallway
D:11:     wad_guarded_room, layout_basic, dpeg_oklobed_lair
D:12:     layout_basic, gammafunk_ghost_wrathful_warriors
D:13:     layout_basic, serial_glass, glass_columns_c, glass_columns_a,
          small_chamber_with_monster
D:14:     gammafunk_sealed_library, layout_irregular_city, erik_vaults_1,
          nicolae_concentric_dashed_squares_wild, vehumet_statue
D:15:     hangedman_depths_entry_try_elsewhere_first, layout_basic
Temple:   bh_familiar_temple

Skill      XL: |  1  2  3  4  5  6  7  8  9 10 11 12 |
---------------+-------------------------------------+-----
Unarmed Combat | 4 5 6 8 10 | 10.5
Shapeshifting  | 4 5 6 8 9 11 13 | 13.0
Necromancy     | 6 9 12 14 | 14.0
Fighting       | 2 |  2.4
Dodging        | |  1.7

Action                     |  1- 3 |  4- 6 |  7- 9 | 10-12 || total
---------------------------+-------+-------+-------+-------++-------
  Melee: Unarmed           |   122 |   198 |   370 |   599 ||  1289
         Tailslap          |    16 |    22 |    61 |   124 ||   223
         Punch             |     2 |     7 |     8 |     4 ||    21
         Maw               |       |       |       |    26 ||    26
   Cast: Kiss of Death     |       |       |     1 |       ||     1
         Animate Dead      |       |       |       |     7 ||     7
         Vampiric Draining |       |       |       |     3 ||     3
         Cigotuvi's Dreadf |       |       |       |     2 ||     2
  Evoke: Wand              |       |       |     2 |     1 ||     3
    Use: Potion            |       |     1 |       |     6 ||     7
         Scroll            |       |       |     7 |     8 ||    15
   Stab: Sleeping          |     1 |       |       |       ||     1
         Invisible         |       |       |     1 |       ||     1
         Distracted        |       |       |     1 |       ||     1
 Armour: Skin              |   102 |    95 |   165 |   311 ||   673
  Dodge: Dodged            |    97 |   103 |   245 |   555 ||  1000
  Block: Other             |       |       |    43 |   119 ||   162
         Reflection        |       |       |     4 |     4 ||     8
   Form: Flux              |       |       |     1 |       ||     1
         Maw               |       |       |       |     1 ||     1
